 Dungeon Crawl Stone Soup version 0.18.1-48-g4cf74bf (webtiles) character file.

137382 fufumann the Warrior (level 17, -7/120 HPs)
             Began as a Gargoyle Berserker on July 19, 2016.
             Was a High Priest of Trog.
             Killed from afar by a greater naga (34 damage)
             ... with an orb of energy
             ... on level 4 of the Snake Pit on Aug 4, 2016.
             The game lasted 02:32:16 (32207 turns).

fufumann the Warrior (Gargoyle Berserker)          Turns: 32207, Time: 02:32:17

Health: -7/120     AC: 28    Str: 24    XL:     17   Next: 23%
Magic:  17/17      EV: 12    Int:  7    God:    Trog [*****.]
Gold:   643        SH: 10    Dex: 16    Spells: 0 memorised, 16 levels left

rFire  + + .     SeeInvis +     v - +8 demon whip (elec)
rCold  . . .     Gourm    +     C - +2 leather armour of Lerphu Wapi {rF++}
rNeg   + . .     Faith    .     N - +3 buckler
rPois  ∞         Spirit   .     q - +2 helmet
rElec  +         Dismiss  .     I - +0 cloak "Iruwesan" {MR+ SInv Stlth+}
rCorr  +         Reflect  .     O - +2 pair of gloves
SustAt .         Harm     .     (no boots)
MR     ++++.                    s - amulet of the gourmand
Stlth  ++........               G - +2 ring of dexterity
                                J - ring of resist corrosion

@: about to teleport, regenerating, incredibly resistant to hostile
enchantments, unstealthy
A: big wings, negative energy resistance 1, electricity resistance, unbreathing,
petrification resistance, rot immunity, AC +12
a: Fly, Berserk, Trog's Hand, Brothers in Arms, Burn Spellbooks, Renounce
Religion


You were on level 4 of the Snake Pit.
You worshipped Trog.
Trog was extremely pleased with you.
You were very hungry.

You visited 4 branches of the dungeon, and saw 24 of its levels.

You collected 2477 gold pieces.
You spent 1834 gold pieces at shops.

Inventory:

Hand Weapons
 k - the +5 mace of Eneengom {freeze, *Noise +Inv +Fly rElec}
   (You bought it in a shop on level 2 of the Orcish Mines)

   It has been specially enchanted to freeze those struck by it, causing extra
   injury to most foes and up to half again as much damage against particularly
   susceptible opponents.
   It can also slow down cold-blooded creatures.
   It insulates you from electricity.
   It lets you turn invisible.
   It lets you fly.
   It may make noises in combat.
 v - a +8 demon whip of electrocution (weapon)
 H - the +10 dark maul {crush}
   (You bought it in a shop on level 2 of the Orcish Mines)

   It inflicts extra damage upon your enemies.
Missiles
 i - 6 tomahawks (quivered)
Armour
 g - the +2 robe of Naugyir {Regen+ rCorr SInv}
   (You found it on level 4 of the Lair of Beasts)

   It lets you see invisible.
   It increases your rate of regeneration.
   It protects you from acid and corrosion.
 q - a +2 helmet (worn)
 A - a +2 cloak of magic resistance
 C - the +2 leather armour of Lerphu Wapi (worn) {rF++}
   (You found it on level 5 of the Dungeon)

   It greatly protects you from fire.
 I - the +0 cloak "Iruwesan" (worn) {MR+ SInv Stlth+}
   (You acquired it on level 1 of the Snake Pit)

   It affects your resistance to hostile enchantments.
   It lets you see invisible.
   It makes you more stealthy.
 N - a +3 buckler (worn)
 O - a +2 pair of gloves (worn)
Rods
 r - a +0 iron rod (9/9)
   (You found it on level 6 of the Lair of Beasts)
Jewellery
 s - an amulet of the gourmand (around neck)
 u - an uncursed amulet of magic regeneration
 E - an uncursed ring of protection from magic
 F - an uncursed ring of protection from fire
 G - a +2 ring of dexterity (right hand)
 J - a ring of resist corrosion (left hand)
Wands
 z - a wand of flame (17/48)
 K - a wand of digging (17/24)
 T - a wand of lightning (8/15)
 Z - a wand of enslavement (17/24)
Scrolls
 b - a scroll of immolation {unknown}
 d - 4 scrolls of fog
 f - 13 scrolls of remove curse
 l - a scroll of blinking {unknown}
 m - 4 scrolls of magic mapping
 t - a scroll of amnesia {unknown}
 y - a scroll of teleportation
 R - a scroll of brand weapon
 V - 7 scrolls of fear
Potions
 e - 2 potions of mutation {unknown}
 j - 2 potions of haste
 n - 2 potions of lignification
 p - 10 potions of curing
 w - 3 potions of agility
 L - a potion of berserk rage {unknown}
 P - 3 potions of might
 S - 4 potions of brilliance
 U - a potion of ambrosia {unknown}
 X - a potion of invisibility {unknown}
 Y - a potion of cancellation {unknown}
Books
 h - a book of Frost

   Spells                             Type                      Level
   a - Freeze                         Ice                          1
   b - Throw Frost                    Conjuration/Ice              2
   c - Ozocubu's Armour               Charms/Ice                   3
   d - Throw Icicle                   Conjuration/Ice              4
   e - Summon Ice Beast               Ice/Summoning                4
   Trog disapproves of the use of such an item.
 Q - a book of Changes

   Spells                             Type                      Level
   a - Beastly Appendage              Transmutation                1
   b - Sticks to Snakes               Transmutation                2
   c - Spider Form                    Transmutation/Poison         3
   d - Ice Form                       Ice/Transmutation            4
   e - Blade Hands                    Transmutation                5
   Trog disapproves of the use of such an item.
Miscellaneous
 o - a fan of gales
Comestibles
 c - 15 bread rations
 x - 3 slices of pizza
 B - 11 royal jellies
 D - 10 meat rations
 M - 14 beef jerkies


   Skills:
 * Level 18.9 Fighting
 + Level 16.1 Maces & Flails
 - Level 10.3 Throwing
 - Level 13.2 Armour
 - Level 1.5 Dodging
 * Level 9.7 Shields


You had 16 spell levels left.
You didn't know any spells.

Dungeon Overview and Level Annotations

Branches:
Dungeon (10/15)            Temple (0/1) D:4            Lair (8/8) D:10
  Swamp (0/4) Lair:6        Snake (4/4) Lair:5          Orc (2/2) D:9
    Elf (0/3) Orc:2
  Slime: Lair:6-8

Altars:
Ashenzari
Cheibriados
Elyvilon
Kikubaaqudgha
Makhleb
Nemelex Xobeh
Okawaru
Pakellas
Ru
Xom
Yredelemnul
Zin
The Shining One

Shops:
D:4 (   D:10 (   Orc:2 *(}=

Annotations:
D:5 1 exclusion
Lair:7 exclusion: oklob plant


Innate Abilities, Weirdness & Mutations

You are resistant to torment.
Your stone body is resilient (AC +12).
You are immune to poison.
Your large and strong wings let you fly indefinitely.
You resist negative energy.
You are resistant to electric shocks.
You can survive without breathing.
You are immune to petrification.
You are immune to rotting.


Message History

* * * LOW HITPOINT WARNING * * *
The naga sharpshooter spits poison at you.
The splash of poison hits you! You resist.
Read which item? (? for menu, Esc to quit)
As you read the scroll of teleportation, it crumbles to dust.
You feel strangely unstable.
The naga sharpshooter casts a spell.
The naga sharpshooter magically shoots an arrow.
The arrow hits you but does no damage.
Unknown command.
Okay, then.
Throwing (i - inventory):
i - 7 tomahawks (quivered)
Press: ? - help, Shift-Dir - straight line, f/p - naga sharpshooter
Aim: a naga sharpshooter, wielding a shortbow (catching its breath)
You throw a tomahawk.
The tomahawk hits the naga sharpshooter!
The naga sharpshooter is lightly wounded.
The greater naga points at you and mumbles some strange words.
The orb of energy hits you!
You die...

##...# ##....# ##.....#
#......# ##......##
###...#....#
##....###...##
##....####....# . ##@...##
#.....# . ##....##
##....## # ##....##
##....## ###
##......###....####..#
##....................#
##..NN.................#
##...(......)............
#...(.......##......#####
#...........#####....###.S


You could see a greater naga and a naga sharpshooter.

Vanquished Creatures
  3 greater nagas (Snake:3)
  22 naga warriors
  4 hydras
  22 anacondas
  6 death yaks
  An orc high priest (Orc:2)
  5 shock serpents
  15 naga sharpshooters
  5 salamander mystics
  An unseen horror (D:10)
  A sea snake (Snake:3)
  10 naga ritualists
  Pikel (D:6)
  6 mana vipers
  4 orc sorcerers (Orc:2)
  A cyclops (Orc:1)
  13 salamanders
  An ugly thing (D:10)
  A griffon (Lair:8)
  Maurice (D:9)
  4 elephants (Lair:4)
  A torpor snail (Lair:4)
  9 guardian serpents
  13 naga magi
  55 black mambas
  18 spiny frogs
  Psyche (D:8)
  8 komodo dragons
  3 giant leeches (Lair:8)
  Grinder (D:6)
  18 blink frogs
  4 polar bears (Lair:1)
  5 trolls
  A boulder beetle (Lair:5)
  The ghost of Krovax2 the Digger, an amateur GrEE (D:4)
  22 yaks
  3 basilisks
  10 hippogriffs
  10 vampire mosquitoes
  Menkaure (D:7)
  4 wargs
  46 nagas
  A soldier ant (D:10)
  6 porcupines
  7 water moccasins
  A hell hound (D:10)
  3 phantoms
  10 ice beasts
  19 orc warriors
  A swamp drake (D:9)
  2 slaves (D:6)
  A necrophage (D:9)
  A sky beast (D:8)
  5 black bears
  16 ogres
  2 wasps (D:10)
  15 wolves
  5 centaurs
  14 crocodiles
  Blork the orc (D:5)
  19 giant frogs
  A scorpion (D:4)
  4 wights (D:7)
  6 electric eels (Lair:8)
  2 howler monkeys
  A lava snake (Lair:6)
  4 crimson imps
  A quasit (D:9)
  A giant frog zombie (D:8)
  4 jellies
  23 orc priests
  5 hounds
  A centaur skeleton (D:4)
  Crazy Yiuf (D:2)
  A giant frog skeleton (D:6)
  33 orc wizards
  Jessica (D:2)
  3 iguanas
  Natasha (D:2)
  7 worker ants
  17 sheep
  2 hound skeletons
  5 worker ant zombies
  11 gnolls
  7 adders
  23 river rats
  4 shadow imps
  3 adder skeletons
  2 worms
  2 dart slugs (D:3)
  5 giant geckos
  73 orcs
  7 bats
  2 giant cockroaches
  7 goblins
  11 hobgoblins
  3 jackals (D:10)
  6 kobolds
  3 quokkas (D:2)
  2 ball pythons
  5 giant newts
  A quokka skeleton (D:9)
  7 rats
  A fire vortex (Lair:6)
  A fungus (Lair:4)
800 creatures vanquished.

Vanquished Creatures (collateral kills)
  A hill giant (D:10)
  An orc (D:10)
2 creatures vanquished.

Vanquished Creatures (others)
  A komodo dragon (Lair:7)
  A hound (D:6)
  A bush (Lair:5)
  22 fungi
  12 plants
37 creatures vanquished.

Grand Total: 839 creatures vanquished

Notes
Turn   | Place    | Note
--------------------------------------------------------------
     0 | D:1      | fufumann the Gargoyle Berserker began the quest for the Orb.
     0 | D:1      | Reached XP level 1. HP: 14/14 MP: 1/1
   296 | D:1      | Reached XP level 2. HP: 19/19 MP: 2/2
   596 | D:1      | Reached ** piety under Trog
   596 | D:1      | Reached XP level 3. HP: 22/23 MP: 3/3
  1000 | D:2      | Noticed Jessica
  1018 | D:2      | Killed Jessica
  1018 | D:2      | Reached skill level 4 in Fighting
  1018 | D:2      | Reached XP level 4. HP: 23/29 MP: 4/4
  1136 | D:2      | Noticed Crazy Yiuf
  1143 | D:2      | Killed Crazy Yiuf
  1471 | D:2      | Reached XP level 5. HP: 6/33 MP: 5/5
  1804 | D:2      | Noticed Natasha
  1846 | D:2      | Killed Natasha
  2522 | D:3      | Found an oddly glowing altar of Pakellas.
  2609 | D:3      | Found a sacrificial altar of Ru.
  2823 | D:3      | Found an ancient bone altar of Kikubaaqudgha.
  3033 | D:4      | Found a staircase to the Ecumenical Temple.
  3054 | D:4      | Reached skill level 5 in Fighting
  3054 | D:4      | Reached XP level 6. HP: 32/40 MP: 6/6
  3075 | D:4      | Noticed Krovax2's ghost (amateur GrEE)
  3096 | D:4      | Reached *** piety under Trog
  3364 | D:4      | Killed Krovax2's ghost
  3364 | D:4      | Reached skill level 5 in Maces & Flails
  3410 | D:4      | Found a white marble altar of Elyvilon.
  3410 | D:4      | Noticed a phantom
  3444 | D:4      | Killed a phantom
  3444 | D:4      | Reached XP level 7. HP: 33/45 MP: 7/7
  3536 | D:4      | Reached skill level 6 in Fighting
  3747 | D:4      | Found Wuer Zij's Weapon Shoppe.
  4013 | D:5      | Entered Level 5 of the Dungeon
  4043 | D:5      | Got an ichor-stained leather armour
  4054 | D:5      | Identified the +2 leather armour of Lerphu Wapi {rF++} (You found it on level 5 of the Dungeon)
  4283 | D:5      | Found a shimmering altar of Xom.
  4285 | D:5      | Found a shimmering altar of Xom.
  4285 | D:5      | Found a shimmering altar of Xom.
  4285 | D:5      | Found a shimmering altar of Xom.
  4339 | D:5      | Found a shimmering altar of Xom.
  4428 | D:5      | Reached XP level 8. HP: 52/52 MP: 8/8
  4567 | D:5      | Reached skill level 7 in Fighting
  4615 | D:5      | Reached skill level 5 in Armour
  4892 | D:5      | Reached **** piety under Trog
  4985 | D:5      | Noticed Blork the orc
  4996 | D:5      | Killed Blork the orc
  5373 | D:6      | Reached skill level 8 in Fighting
  5862 | D:6      | Reached XP level 9. HP: 53/60 MP: 9/9
  6011 | D:6      | Noticed Pikel
  6031 | D:6      | Killed Pikel
  6031 | D:6      | Reached skill level 9 in Fighting
  6131 | D:6      | Found an iron altar of Okawaru.
  6290 | D:6      | Found a sparkling altar of Nemelex Xobeh.
  6300 | D:6      | Noticed Grinder
  6311 | D:6      | Killed Grinder
  7034 | D:7      | Found a burning altar of Makhleb.
  7108 | D:7      | Reached ***** piety under Trog
  7148 | D:7      | Reached skill level 10 in Fighting
  7283 | D:7      | Reached XP level 10. HP: 66/68 MP: 10/10
  7296 | D:7      | Found a glowing golden altar of the Shining One.
  7335 | D:7      | Noticed Menkaure
  7352 | D:7      | Killed Menkaure
  7867 | D:7      | Identified a scroll of acquirement
  8059 | D:8      | Found a glowing silver altar of Zin.
  8377 | D:8      | Noticed Psyche
  8382 | D:8      | Killed Psyche
  8382 | D:8      | Reached skill level 10 in Maces & Flails
  8876 | D:9      | Reached skill level 11 in Fighting
  8899 | D:9      | Noticed Maurice
  8936 | D:9      | Killed Maurice
  9212 | D:9      | Found a shattered altar of Ashenzari.
  9270 | D:9      | Found a snail-covered altar of Cheibriados.
  9440 | D:9      | Found a staircase to the Orcish Mines.
  9517 | D:9      | Reached XP level 11. HP: 60/74 MP: 11/11
  9681 | D:10     | Entered Level 10 of the Dungeon
  9681 | D:10     | Noticed a hill giant
  9820 | D:10     | Noticed a white ugly thing
  9876 | D:10     | Killed a white ugly thing
 10045 | D:10     | Found a staircase to the Lair.
 10116 | D:10     | Found a basalt altar of Yredelemnul.
 10324 | D:10     | Found Fahox's Antique Weapon Shoppe.
 10575 | D:10     | Reached skill level 1 in Throwing
 10754 | D:10     | Killed an unseen horror
 11036 | D:10     | Found an ancient bone altar of Kikubaaqudgha.
 11070 | D:10     | Killed a hill giant
 11070 | D:10     | Reached skill level 12 in Fighting
 11338 | Lair:1   | Entered Level 1 of the Lair of Beasts
 12998 | Lair:3   | Received a gift from Trog
 12998 | Lair:3   | Reached XP level 12. HP: 82/82 MP: 12/12
 13081 | Lair:3   | Noticed a four-headed hydra
 13089 | Lair:3   | Killed a four-headed hydra
 13275 | Lair:3   | Reached skill level 5 in Throwing
 13844 | Lair:4   | Received a gift from Trog
 14129 | Lair:4   | Noticed an anaconda
 14130 | Lair:4   | Noticed an anaconda
 14138 | Lair:4   | Killed an anaconda
 14138 | Lair:4   | Reached ****** piety under Trog
 14138 | Lair:4   | Reached skill level 10 in Armour
 14144 | Lair:4   | Killed an anaconda
 14731 | Lair:4   | Noticed an eight-headed hydra
 14736 | Lair:4   | Killed an eight-headed hydra
 14972 | Lair:4   | Reached skill level 13 in Fighting
 14972 | Lair:4   | Reached XP level 13. HP: 69/88 MP: 13/13
 15337 | Lair:4   | Got a heavily jewelled robe
 15350 | Lair:4   | Identified the +2 robe of Naugyir {Regen+ rCorr SInv} (You found it on level 4 of the Lair of Beasts)
 15374 | Lair:5   | Found an iron altar of Okawaru.
 15442 | Lair:5   | Received a gift from Trog
 15454 | Lair:5   | Found a staircase to the Snake Pit.
 16507 | Lair:6   | Found a staircase to the Swamp.
 17516 | Lair:7   | Received a gift from Trog
 17765 | Lair:8   | Entered Level 8 of the Lair of Beasts
 18494 | Lair:8   | Reached skill level 14 in Fighting
 18538 | Lair:7   | Gained mutation: Your large and strong wings let you fly indefinitely. [Gargoyle growth]
 18538 | Lair:7   | Reached XP level 14. HP: 47/96 MP: 14/14
 18705 | Lair:8   | Found a basalt altar of Yredelemnul.
 19225 | Lair:8   | Received a gift from Trog
 19911 | Orc:1    | Entered Level 1 of the Orcish Mines
 20019 | Orc:1    | Received a gift from Trog
 20296 | Orc:1    | Reached skill level 10 in Throwing
 20315 | Orc:1    | Received a gift from Trog
 20832 | Orc:2    | Entered Level 2 of the Orcish Mines
 20869 | Orc:2    | Found a staircase to the Elven Halls.
 21178 | Orc:2    | Found a labyrinth entrance.
 21559 | Orc:2    | Found Tamanul's Gadget Shop.
 21559 | Orc:2    | Found Syphaum's Jewellery Shop.
 21566 | Orc:2    | Found Cowaheh's Antique Weapon Boutique.
 21595 | Orc:2    | Found Ziduva's General Store.
 21623 | Orc:2    | Bought a scroll of teleportation for 42 gold pieces
 21627 | Orc:2    | Bought the +10 dark maul {crush} for 1600 gold pieces
 21627 | Orc:2    | Bought a jewelled mace for 192 gold pieces
 21727 | Orc:2    | Received a gift from Trog
 22292 | Snake:1  | Entered Level 1 of the Snake Pit
 22410 | Lair:5   | Reached skill level 15 in Fighting
 22840 | Snake:1  | Got a pitted cloak
 22857 | Snake:1  | Identified the +0 cloak "Iruwesan" {MR+ SInv Stlth+} (You acquired it on level 1 of the Snake Pit)
 22962 | Snake:1  | HP: 4/98 [black mamba (8)]
 23137 | Snake:1  | HP: 4/98 [naga ritualist/lance of force (19)]
 23850 | Snake:1  | Reached XP level 15. HP: 58/103 MP: 15/15
 24448 | Snake:2  | Reached skill level 16 in Fighting
 25508 | Snake:2  | Reached skill level 15 in Maces & Flails
 25681 | Snake:2  | Received a gift from Trog
 26532 | Snake:2  | Reached skill level 1 in Shields
 26594 | Snake:1  | Reached skill level 17 in Fighting
 27706 | Snake:3  | Reached XP level 16. HP: 107/112 MP: 16/16
 28198 | Snake:3  | Received a gift from Trog
 28307 | Snake:3  | Found a burning altar of Makhleb.
 28367 | Snake:3  | Reached skill level 5 in Shields
 29082 | Snake:3  | Noticed a greater naga
 29096 | Snake:3  | Killed a greater naga
 29096 | Snake:3  | Reached skill level 18 in Fighting
 29287 | Snake:3  | Noticed a greater naga
 29325 | Snake:3  | Killed a greater naga
 29871 | Snake:3  | Noticed a greater naga
 29889 | Snake:3  | Killed a greater naga
 30298 | Snake:3  | Received a gift from Trog
 30645 | Snake:4  | Entered Level 4 of the Snake Pit
 31563 | Snake:4  | Reached XP level 17. HP: 100/120 MP: 17/17
 31592 | Snake:4  | Received a gift from Trog
 32059 | Snake:4  | Identified the +5 mace of Eneengom {freeze, *Noise +Inv +Fly rElec} (You bought it in a shop on level 2 of the Orcish Mines)
 32207 | Snake:4  | Killed from afar by a greater naga

Skill      XL: |  1  2  3  4  5  6  7  8  9 10 11 12 13 14 15 16 17 |
---------------+----------------------------------------------------+-----
Fighting       | 4 5 6 8 10 11 12 13 14 15 17 18 | 18.9
Maces & Flails | 4 5 6 7 9 10 12 13 14 15 16 | 16.1
Armour         | 3 4 5 7 8 9 10 11 12 13 | 13.2
Throwing       | 4 7 9 10 | 10.3
Shields        | 3 8 9 |  9.7
Dodging        | |  1.5

Action                   |  1- 3 |  4- 6 |  7- 9 | 10-12 | 13-15 | 16-18 || total
-------------------------+-------+-------+-------+-------+-------+-------++-------
Melee: Mace              |    87 |   148 |   267 |       |       |       ||   502
       Flail             |       |    55 |   181 |    26 |       |       ||   262
       Demon whip        |       |       |       |   576 |  1380 |   533 ||  2489
       Maul              |       |       |       |       |       |     8 ||     8
Throw: Tomahawk          |       |       |       |     8 |   108 |   113 ||   229
       Javelin           |       |       |       |       |       |    26 ||    26
Invok: Brothers in Arms  |       |       |       |     1 |       |       ||     1
       Trog's Hand       |       |       |       |       |     7 |     5 ||    12
  Use: Scroll            |       |       |    14 |    12 |    10 |     6 ||    42
       Potion            |       |       |       |       |     6 |     2 ||     8
 Stab: Sleeping          |     1 |       |     1 |       |     1 |       ||     3
       Distracted        |       |     1 |       |       |     2 |       ||     3
       Confused          |       |       |       |     1 |       |       ||     1
  Eat: Chunk             |       |     7 |    13 |    22 |    31 |     5 ||    78
       Pizza             |       |       |     1 |       |       |     4 ||     5
       Fruit             |       |       |       |     2 |    12 |     4 ||    18
       Beef jerky        |       |       |       |       |     1 |       ||     1
Armor: Animal skin       |    23 |       |       |       |       |       ||    23
       Ring mail         |     7 |   114 |    34 |       |       |       ||   155
       Leather armour    |       |       |   234 |   247 |   392 |   271 ||  1144
       Robe              |       |       |       |       |   166 |       ||   166
Dodge: Dodged            |    77 |    89 |   260 |   196 |   488 |   203 ||  1313
Block: Buckler           |       |       |       |    83 |   306 |   199 ||   588
